 Dungeon Crawl Stone Soup version 0.23-a0-673-g3803c42f16 (webtiles) character file.

181398 Mazzaar the Eclecticist (level 18, -3/108 HPs)
             Began as a Gargoyle Earth Elementalist on Jan 8, 2019.
             Was the Champion of Vehumet.
             Slain by a snapping turtle (13 damage)
             ... on level 2 of the Shoals on Jan 9, 2019.
             The game lasted 03:11:49 (48239 turns).

Mazzaar the Eclecticist (GrEE)                     Turns: 48239, Time: 03:11:49

Health: -3/108     AC: 37    Str: 17    XL:     18   Next: 30%
Magic:  30/37      EV: 16    Int: 23    God:    Vehumet [******]
Gold:   691        SH:  0    Dex: 10    Spells: 9/48 levels left

rFire    + . .     SeeInvis .   N - +6 morningstar (drain)
rCold    . . .     Gourm    .   (no shield)
rNeg     + + .     Faith    .   h - +2 robe {rF+}
rPois    ∞         Spirit   .   C - +2 helmet
rElec    +         Reflect  .   y - +1 cloak
rCorr    .         Harm     .   L - +1 pair of gloves
MR       +....                  V - +2 pair of boots "Enlu" {+Blink rN+ Str+4}
Stlth    ++........             m - amulet of the acrobat
HPRegen  0.28/turn              Z - ring of wizardry
MPRegen  0.25/turn              z - ring of Robustness {AC+8}

@: flying, slowed, very slow
A: big wings, negative energy resistance 1, electricity resistance, unbreathing,
petrification resistance, rot immunity, AC +13
a: Stop Flying, Renounce Religion, Evoke Blink


You were on level 2 of the Shoals.
You worshipped Vehumet.
Vehumet was exalted by your worship.
You were not hungry.

You visited 7 branches of the dungeon, and saw 31 of its levels.
You visited 2 bazaars.
You also visited: Sewer, Ice Cave and Volcano.

You collected 3002 gold pieces.
You spent 2311 gold pieces at shops.

Inventory:

Hand Weapons
 N - a +6 morningstar of draining (weapon)
Missiles
 a - 9 javelins of penetration
 b - 451 stones (quivered)
 r - a throwing net
Armour
 h - a +2 robe of fire resistance (worn)
 o - a +2 robe of magic resistance
 y - a +1 cloak (worn)
 C - a +2 helmet (worn)
 L - a +1 pair of gloves (worn)
 V - the +2 pair of boots "Enlu" (worn) {+Blink rN+ Str+4}
   (You found it in an ice cave)

   It affects your strength (+4).
   It protects you from negative energy.
   It lets you blink.
Magical Staves
 x - an uncursed staff of power
 T - an uncursed staff of earth
Jewellery
 m - an amulet of the acrobat (around neck)
 z - the ring of Robustness (right hand) {AC+8}
   (You found it on level 4 of the Dungeon)

   [ring of protection]

   It affects your AC (+8).
 P - an uncursed amulet of magic regeneration {unknown}
 Y - a +4 ring of intelligence
 Z - a ring of wizardry (left hand)
Wands
 c - a wand of iceblast (14)
 B - a wand of disintegration (16)
 I - a wand of paralysis (4)
 U - a wand of enslavement (7)
 W - a wand of acid (4)
Scrolls
 g - 4 scrolls of remove curse
 l - a scroll of magic mapping
 q - 11 scrolls of teleportation
 s - 4 scrolls of immolation
 E - 5 scrolls of amnesia
 F - 6 scrolls of fog
 H - 6 scrolls of blinking
 J - 2 scrolls of fear
 X - a scroll of silence
Potions
 e - 4 potions of agility
 i - 6 potions of resistance
 j - 17 potions of curing
 k - a potion of berserk rage {unknown}
 A - 4 potions of heal wounds
 D - 5 potions of brilliance
 G - 4 potions of might
 K - a potion of ambrosia
 O - 3 potions of cancellation
Miscellaneous
 S - a fan of gales
Comestibles
 d - 27 rations
 f - 5 chunks of flesh


   Skills:
 - Level 10.7 Fighting
 - Level 9.8 Maces & Flails
 - Level 6.0 Armour
 - Level 8.5 Dodging
 - Level 2.1 Stealth
 + Level 15.8 Spellcasting
 - Level 11.7 Conjurations
 - Level 0.7 Transmutations
 + Level 13.7 Fire Magic
 - Level 13.2 Earth Magic
 - Level 6.0 Evocations


You had 9 spell levels left.
You knew the following spells:

 Your Spells              Type           Power        Failure   Level  Hunger
a - Sandblast             Erth           ######       0%          1    None
b - Stone Arrow           Conj/Erth      ######       1%          3    None
c - Lee's Rapid Deconstr  Erth           ######....   1%          5    ##.....
d - Iron Shot             Conj/Erth      ######....   1%          6    ####...
e - Bolt of Magma         Conj/Fire/Erth ######....   1%          5    ##.....
f - Bolt of Fire          Conj/Fire      ######....   1%          6    ####...
g - Ignition              Fire           ######....   9%          8    #######
h - Irradiate             Conj/Tmut      #####.....   1%          5    ##.....

Your spell library contained the following spells:

 Spells                   Type           Power        Failure   Level  Hunger
 Lehudib's Crystal Spear  Conj/Erth      ######....   13%         8    #######
 Fire Storm               Conj/Fire      ######....   78%         9    #######
 Tornado                  Air            ###.......   100%        9    #######
 Animate Skeleton         Necr           N/A          1%          1    None
 Apportation              Tloc           ###...       1%          1    None
 Confusing Touch          Hex            ###...       1%          1    None
 Freeze                   Ice            ###.         1%          1    None
 Magic Dart               Conj           ####         1%          1    None
 Summon Small Mammal      Summ           ###.         1%          1    None
 Call Imp                 Summ           ###.....     1%          2    None
 Passwall                 Tmut/Erth      ######..     1%          2    None
 Searing Ray              Conj           ######       1%          2    None
 Dazzling Spray           Conj/Hex       #####.       1%          3    None
 Ignite Poison            Fire/Tmut/Pois #####...     1%          3    None
 Force Lance              Conj/Tloc      #####...     1%          4    None
 Fulminant Prism          Conj/Hex       #####.....   1%          4    None
 Iskenderun's Mystic Bla  Conj           ######..     1%          4    None
 Leda's Liquefaction      Hex/Erth       #####.....   1%          4    None
 Petrify                  Tmut/Erth      ######..     1%          4    None
 Sticky Flame             Conj/Fire      ######..     1%          4    None
 Fireball                 Conj/Fire      ######....   1%          5    ##.....
 Call Canine Familiar     Summ           ###.....     4%          3    None
 Confuse                  Hex            ###.....     4%          3    None
 Gell's Gravitas          Tloc           ###.......   4%          3    None
 Summon Guardian Golem    Hex/Summ       ###.....     4%          3    None
 Bolt of Cold             Conj/Ice       #####.....   5%          6    ####...
 Yara's Violent Unravell  Hex/Tmut       ###.......   9%          5    ##.....
 Summon Ice Beast         Ice/Summ       ###.....     12%         4    None
 Summon Lightning Spire   Summ/Air       ###.....     12%         4    None
 Metabolic Englaciation   Hex/Ice        ###.......   32%         5    ##.....
 Ring of Flames           Chrm/Fire      #####.....   50%         7    ######.
 Shatter                  Erth           ######....   73%         9    #######
 Statue Form              Tmut/Erth      Unusable     N/A         6    N/A

Dungeon Overview and Level Annotations

Branches:
Dungeon (15/15)            Temple (1/1) D:6            Lair (6/6) D:11
 Shoals (2/4) Lair:4        Snake (4/4) Lair:2        Slime (0/5) Lair:6
    Orc (2/2) D:11            Elf (1/3) Orc:2        Vaults (0/5) D:13
 Depths (0/5) D:15

Altars:
Ashenzari
Cheibriados
Dithmenos
Elyvilon
Fedhas
Gozag
Hepliaklqana
Kikubaaqudgha
Makhleb
Nemelex Xobeh
Okawaru
Qazlal
Ru
Sif Muna
Trog
Uskayaw
Vehumet
Wu Jian
Xom
Yredelemnul
Zin
The Shining One
Beogh
Jiyva

Shops:
D:4 (   D:12 :   D:15 *   Orc:1 ?   Orc:2 (%:%   Shoals:1 [   Snake:1 }

Portals:
Pandemonium: Orc:2

Annotations:
D:3 2 transporters
D:4 2 runed doors
Snake:1 1 runed door, K1ngMX's ghost, journeyman MiBe
Snake:3 3 runed doors, Yvac's ghost, adept TrFi


Innate Abilities, Weirdness & Mutations

You are resistant to torment.
Your stone body is resilient. (AC +13)
You are immune to poison.
Your large and strong wings let you fly indefinitely.
You resist negative energy. (rN+)
You are resistant to electric shocks. (rElec)
You can survive without breathing.
You are immune to petrification.
You are immune to rotting.


Message History

Casting: Sandblast (safe; 0% risk of failure)
Confirm with . or Enter, or press ? or * to list all spells.
Aiming: Sandblast (safe; 0% risk of failure)
Press: ? - help, Shift-Dir - straight line, f/p - snapping turtle
Aim: a snapping turtle (heavily wounded)
The blast of sand hits the snapping turtle.
The snapping turtle is severely wounded.
b - 452 stones The snapping turtle bites you!
* * * LOW HITPOINT WARNING * * *
Casting: Sandblast (safe; 0% risk of failure)
Confirm with . or Enter, or press ? or * to list all spells.
Aiming: Sandblast (safe; 0% risk of failure)
Press: ? - help, Shift-Dir - straight line, f/p - snapping turtle
Aim: a snapping turtle (severely wounded)
The blast of sand hits the snapping turtle.
The snapping turtle is severely wounded.
b - 451 stones The snapping turtle barely misses you.
The snapping turtle bites you!
You die...

≈≈≈≈≈≈≈≈≈≈≈≈≈≈≈≈≈≈≈≈≈≈≈≈
≈≈≈≈≈≈≈≈≈≈≈≈≈≈≈≈≈≈≈≈≈≈≈≈
≈≈≈≈≈≈≈≈≈≈≈≈≈≈≈≈≈≈≈≈≈≈..
≈≈≈≈≈≈≈≈≈≈≈≈≈≈≈≈≈≈≈≈≈≈..
≈≈≈≈≈≈≈≈≈≈≈≈≈≈≈≈≈≈.≈≈≈≈.
≈≈≈≈≈≈≈≈≈≈≈≈≈≈≈≈≈≈≈..≈≈≈
≈≈≈≈≈≈≈≈≈≈≈≈≈≈≈.)≈≈≈.≈≈≈
≈≈≈≈≈≈≈≈≈≈≈≈≈≈.))...≈≈..
≈≈≈≈≈≈≈≈≈≈≈≈....@).....>
≈≈≈≈≈≈.......t.....##
≈≈≈≈.......t....[..#
≈≈≈.....≈.....≈...[
≈≈[##..≈.###...... ≈≈.
##.≈.# ....≈≈ .≈..
...≈.. ≈≈... #>....


You could see an alligator snapping turtle and a snapping turtle.

Vanquished Creatures
  A kraken (Shoals:1)
  Kirke (Snake:2)
  Roxanne (Snake:1)
  2 entropy weavers (Lair:4)
  3 dire elephants (Lair:6)
  A merfolk javelineer (Shoals:1)
  An ettin (D:15)
  A red draconian (Volcano)
  3 ogre magi
  A merfolk impaler (Shoals:1)
  A vault guard (D:13)
  A deep elf high priest (Elf:1)
  16 naga warriors
  6 anacondas
  4 hydras
  5 centaur warriors
  A merfolk aquamancer (Shoals:1)
  A queen ant (Lair:4)
  12 two-headed ogres
  A death knight (D:14)
  A dancing weapon (Elf:1)
  4 death yaks
  10 naga sharpshooters
  6 orc high priests (Orc:2)
  7 shock serpents
  A soul eater (Orc:2)
  2 salamander mystics
  A hell knight (D:15)
  A sixfirhy (Orc:2)
  4 unseen horrors
  An unseen horror (shapeshifter) (D:15)
  A sea snake (Shoals:1)
  11 skeletal warriors
  An infernal demonspawn (Orc:2)
  2 wizards (D:13)
  2 naga ritualists
  2 necromancers (D:13)
  A torturous demonspawn (Orc:2)
  6 orc knights
  7 harpies
  9 orc sorcerers
  A cyclops (D:11)
  9 fauns
  7 mana vipers
  7 salamanders
  4 deep elf magi
  7 slime creatures
  5 manticores
  15 ugly things
  3 ice statues (IceCv)
  2 water nymphs
  29 black mambas
  6 merfolk sirens
  Maurice (Orc:1)
  4 guardian serpents
  A rust devil (Orc:2)
  7 elephants
  12 naga magi
  3 centaur zombies
  A guardian serpent (shapeshifter) (D:13)
  7 spiny frogs
  4 molten gargoyles (D:9)
  Psyche (D:9)
  8 komodo dragons
  3 gargoyles
  A kobold demonologist (D:11)
  3 rime drakes
  A harpy zombie (D:15)
  A yaktaur (D:13)
  A red devil (Orc:2)
  3 meliai (D:13)
  2 ice devils (Orc:2)
  A wind drake (Shoals:1)
  2 polar bears (Lair:3)
  3 hornets
  4 merfolk (Shoals:1)
  3 trolls
  Grinder (D:4)
  6 snapping turtles
  17 blink frogs
  5 dream sheep (Lair:6)
  14 hippogriffs
  2 shadows
  5 water elementals
  A redback (shapeshifter) (D:15)
  44 yaks
  A fire elemental (Elf:1)
  4 wyverns
  19 humans
  4 basilisks
  2 hungry ghosts
  5 hogs
  36 nagas
  20 soldier ants (Lair:4)
  A warg (Orc:1)
  An acid dragon (D:11)
  5 water moccasins
  11 porcupines
  Duvessa (D:4)
  3 black bears
  4 sky beasts
  38 orc warriors
  11 ice beasts
  3 boggarts (D:15)
  4 phantoms
  21 ogres
  14 centaurs
  12 crocodiles
  11 big kobolds
  A gnoll sergeant (D:10)
  16 bullfrogs
  Dowan (D:4)
  A water moccasin skeleton (D:8)
  5 scorpions
  15 killer bees
  12 wights
  2 howler monkeys
  5 electric eels
  4 bullfrog zombies
  5 crimson imps
  A quasit (D:4)
  4 hounds
  4 jellies
  33 orc priests
  Crazy Yiuf (D:4)
  3 bullfrog skeletons
  6 centaur skeletons
  Jessica (D:3)
  3 iguanas
  26 orc wizards
  23 worker ants
  6 hound skeletons
  2 worker ant zombies
  13 adders
  6 gnolls
  2 river rats (Sewer)
  7 shadow imps
  2 oozes
  An adder skeleton (D:4)
  2 worms
  3 dart slugs
  8 leopard geckos
  97 orcs
  7 ball pythons
  8 giant cockroaches
  3 goblins
  7 hobgoblins
  19 jackals
  7 quokkas
  A ball python skeleton (D:4)
  12 bats
  7 frilled lizards
  A jackal skeleton (D:5)
  37 kobolds
  A leopard gecko zombie (D:5)
  A quokka skeleton (D:6)
  5 rats
  A bush (D:2)
  3 plants (Lair:6)
  2 tentacles (Shoals:1)
1084 creatures vanquished.

Vanquished Creatures (others)
  A naga warrior (Snake:3)
  A guardian serpent (Snake:3)
  A naga mage (Snake:3)
  2 merfolk (Shoals:2)
  A human (Snake:2)
  A naga (Snake:3)
  An orc (Orc:2)
  3 fungi (Lair:6)
  7 plants
  6 tentacles (Shoals:1)
24 creatures vanquished.

Grand Total: 1108 creatures vanquished

Notes
Turn   | Place    | Note
-------+----------+-------------------------------------------
     0 | D:1      | Mazzaar the Gargoyle Earth Elementalist began the quest for
                  | the Orb.
     0 | D:1      | Reached XP level 1. HP: 10/10 MP: 3/3
   480 | D:1      | Reached XP level 2. HP: 15/15 MP: 5/5
   907 | D:2      | Reached XP level 3. HP: 14/19 MP: 4/7
   912 | D:2      | Learned a level 3 spell: Stone Arrow
  1339 | D:2      | Reached skill level 1 in Conjurations
  1454 | D:2      | Reached skill level 3 in Spellcasting
  1454 | D:2      | Reached XP level 4. HP: 24/24 MP: 6/8
  2879 | D:3      | Reached skill level 5 in Earth Magic
  2879 | D:3      | Reached XP level 5. HP: 9/28 MP: 1/9
  3150 | D:3      | Noticed Jessica
  3162 | D:3      | Killed Jessica
  3210 | D:3      | Learned a level 5 spell: Lee's Rapid Deconstruction
  3536 | D:3      | Found a bloodstained altar of Trog.
  3541 | D:3      | Noticed a two-headed ogre
  3550 | D:3      | Found a transporter.
  3566 | D:3      | Found a transporter.
  3739 | D:3      | Found an opulent altar of Gozag.
  3808 | D:3      | Found a basalt altar of Yredelemnul.
  3920 | D:3      | Reached XP level 6. HP: 32/32 MP: 4/11
  4195 | D:4      | Found Uxzoekk's Antique Weapon Boutique.
  4198 | D:4      | Noticed Grinder
  4203 | D:4      | Killed Grinder
  4203 | D:4      | Reached skill level 4 in Spellcasting
  4203 | D:4      | Reached XP level 7. HP: 30/36 MP: 0/13
  4487 | D:4      | Noticed Duvessa
  4495 | D:4      | Noticed Dowan
  4520 | D:4      | Killed Duvessa
  4530 | D:4      | Killed Dowan
  4696 | D:4      | Found an ancient bone altar of Kikubaaqudgha.
  4732 | D:4      | Found a large runed door.
  4732 | D:4      | Found a large runed door.
  4745 | D:4      | Found a large runed door.
  4745 | D:4      | Found a large runed door.
  4748 | D:4      | Found the ring of Robustness {AC+8}
  4835 | D:4      | Found a radiant altar of Vehumet.
  4845 | D:4      | Became a worshipper of Vehumet
  5348 | D:4      | Reached skill level 5 in Spellcasting
  5435 | D:4      | Found a runed door.
  5439 | D:4      | Noticed Crazy Yiuf
  5443 | D:4      | Killed Crazy Yiuf
  5554 | D:4      | Reached skill level 5 in Conjurations
  5554 | D:4      | Reached XP level 8. HP: 41/41 MP: 5/15
  6241 | D:5      | Entered Level 5 of the Dungeon
  6274 | D:5      | Reached skill level 1 in Fighting
  6274 | D:5      | Reached skill level 1 in Armour
  6277 | D:5      | Reached skill level 1 in Maces & Flails
  6408 | D:5      | Reached skill level 1 in Evocations
  6415 | D:5      | Reached * piety under Vehumet
  6415 | D:5      | Offered knowledge of Flame Tongue by Vehumet.
  6930 | D:5      | Found a snail-covered altar of Cheibriados.
  6930 | D:5      | Found a deep blue altar of Sif Muna.
  6930 | D:5      | Found a glowing silver altar of Zin.
  7020 | D:5      | Found an iron altar of Okawaru.
  7295 | D:6      | Reached XP level 9. HP: 40/48 MP: 12/17
  7333 | D:6      | Found a glowing drain.
  7397 | Sewer    | Entered a sewer
  7592 | Sewer    | Reached ** piety under Vehumet
  7592 | Sewer    | Offered knowledge of Sting by Vehumet.
  8509 | D:6      | Reached skill level 6 in Spellcasting
  8759 | D:6      | Found a staircase to the Ecumenical Temple.
  8767 | Temple   | Entered the Ecumenical Temple
 10005 | D:7      | Reached XP level 10. HP: 56/56 MP: 13/19
 10587 | D:8      | Offered knowledge of Ignite Poison by Vehumet.
 10806 | D:8      | Found a shattered altar of Ashenzari.
 11295 | D:8      | Reached *** piety under Vehumet
 11449 | D:8      | Noticed a two-headed ogre
 11453 | D:8      | Killed a two-headed ogre
 11770 | D:9      | Noticed Psyche
 11780 | D:9      | Killed Psyche
 11780 | D:9      | Reached skill level 5 in Fighting
 11817 | D:9      | Got a faintly glowing robe
 11930 | D:9      | Noticed a molten gargoyle
 11931 | D:9      | Noticed a molten gargoyle
 11937 | D:9      | Killed a molten gargoyle
 11939 | D:9      | Killed a molten gargoyle
 11939 | D:9      | Reached XP level 11. HP: 64/64 MP: 18/21
 11943 | D:9      | Reached skill level 5 in Armour
 11943 | D:9      | Reached skill level 7 in Spellcasting
 12330 | D:9      | Identified the cursed +1 robe of Philately {Stlth+} (You
                  | found it on level 9 of the Dungeon)
 12410 | D:9      | Offered knowledge of Inner Flame by Vehumet.
 13040 | D:10     | Entered Level 10 of the Dungeon
 13052 | D:10     | Reached skill level 5 in Maces & Flails
 13190 | D:10     | Reached **** piety under Vehumet
 13301 | D:10     | Offered knowledge of Airstrike by Vehumet.
 13956 | D:11     | Noticed a two-headed ogre
 13966 | D:10     | Killed a two-headed ogre
 13966 | D:10     | Reached skill level 5 in Evocations
 14134 | D:11     | Reached skill level 5 in Dodging
 14142 | D:11     | Reached skill level 10 in Earth Magic
 14287 | D:11     | Got a shimmering rapier
 14427 | D:10     | Identified the cursed +1 rapier of Peril {pain, rN++ Str+4}
                  | (You found it on level 11 of the Dungeon)
 14613 | D:11     | Noticed a cyclops
 14618 | D:11     | Killed a cyclops
 14955 | D:11     | Found a staircase to the Lair.
 15001 | D:11     | Reached XP level 12. HP: 71/71 MP: 19/23
 15440 | D:11     | Reached ***** piety under Vehumet
 15440 | D:11     | Offered knowledge of Iron Shot by Vehumet.
 15448 | D:11     | Learned a level 6 spell: Iron Shot
 15469 | D:11     | Found a staircase to the Orcish Mines.
 15960 | D:12     | Found Meaxku's Book Shop.
 16190 | D:12     | Found a frozen archway.
 16196 | D:12     | Reached skill level 8 in Spellcasting
 16212 | IceCv    | Entered an ice cave
 16514 | IceCv    | Got a pair of slimy boots
 16520 | IceCv    | Identified the +2 pair of boots "Enlu" {+Blink rN+ Str+4}
                  | (You found it in an ice cave)
 17053 | IceCv    | Got a transparent leather armour
 17059 | IceCv    | Got dazzling ice dragon scales
 17472 | D:12     | Identified the +1 leather armour of Ypuvem {*Corrode rPois
                  | rF+ Str+4} (You found it in an ice cave)
 17483 | D:12     | Identified the cursed +1 ice dragon scales of Rufox {rF-
                  | rC++ MR++ Dex+3 Stlth+} (You found it in an ice cave)
 17555 | D:13     | Noticed a two-headed ogre
 17564 | D:13     | Killed a two-headed ogre
 17951 | D:13     | Reached XP level 13. HP: 78/78 MP: 5/25
 18453 | D:13     | Offered knowledge of Bolt of Cold by Vehumet.
 18464 | D:13     | Noticed a vault guard
 18487 | D:13     | Killed a vault guard
 18595 | D:13     | Found a white marble altar of Elyvilon.
 18842 | D:13     | Found a gate to the Vaults.
 19131 | D:13     | Reached skill level 9 in Spellcasting
 19131 | D:13     | Reached skill level 10 in Conjurations
 20289 | D:14     | Found a roughly hewn altar of Beogh.
 20486 | D:14     | Found a snail-covered altar of Cheibriados.
 20665 | D:14     | HP: 4/80 [large slime creature (1)]
 20683 | D:14     | HP: 1/80 [centaur warrior/arrow (8)]
 20931 | D:14     | Upgraded the game from 0.23-a0-666-g28d4f2f0af to
                  | 0.23-a0-673-g3803c42f16
 21650 | D:14     | Gained mutation: Your large and strong wings let you fly
                  | indefinitely. [Gargoyle growth]
 21650 | D:14     | Reached XP level 14. HP: 76/86 MP: 13/27
 22618 | D:14     | Offered knowledge of Venom Bolt by Vehumet.
 22909 | Lair:1   | Entered Level 1 of the Lair of Beasts
 23109 | Lair:1   | Learned a level 5 spell: Venom Bolt
 23914 | Lair:2   | Found a staircase to the Snake Pit.
 25966 | Lair:3   | Reached skill level 10 in Fighting
 26197 | Lair:3   | Reached skill level 10 in Spellcasting
 26879 | Lair:4   | Offered knowledge of Bolt of Magma by Vehumet.
 26908 | Lair:4   | Found a dark tunnel.
 26919 | Volcano  | Entered a volcano
 27058 | Volcano  | Found a burning altar of Makhleb.
 27059 | Volcano  | Noticed a red draconian
 27143 | Volcano  | Killed a red draconian
 27501 | Lair:4   | Reached XP level 15. HP: 55/93 MP: 18/29
 27978 | Lair:4   | Found a staircase to the Shoals.
 28320 | Lair:5   | Learned a level 5 spell: Bolt of Magma
 28342 | Lair:4   | Offered knowledge of Bolt of Fire by Vehumet.
 28350 | Lair:4   | Learned a level 6 spell: Bolt of Fire
 28608 | Lair:5   | Reached skill level 1 in Fire Magic
 29616 | Lair:6   | Entered Level 6 of the Lair of Beasts
 29648 | Lair:6   | Found a viscous altar of Jiyva.
 29649 | Lair:6   | Found a staircase to the Slime Pits.
 29876 | Lair:6   | Reached skill level 11 in Spellcasting
 30956 | Lair:6   | Identified the Catalogue of Salt
 31545 | Orc:1    | Entered Level 1 of the Orcish Mines
 31549 | Orc:1    | Noticed Maurice
 31552 | Orc:1    | Killed Maurice
 31552 | Orc:1    | Reached skill level 5 in Fire Magic
 32190 | Orc:1    | Learned a level 5 spell: Irradiate
 32312 | Orc:1    | Found a deep blue altar of Sif Muna.
 32338 | Orc:1    | Identified Sif Muna's Almanac of the Snowflakes
 32447 | Orc:2    | Entered Level 2 of the Orcish Mines
 32511 | Orc:2    | Found a staircase to the Elven Halls.
 33074 | Orc:1    | Found Ruvaibbu's Magic Scroll Shoppe.
 33605 | Orc:2    | Found Noklapte's Food Emporium.
 33615 | Orc:2    | Offered knowledge of Ozocubu's Refrigeration by Vehumet.
 33914 | Orc:2    | Found Cuttot's Food Shoppe.
 34251 | Orc:2    | Reached skill level 12 in Spellcasting
 34277 | Orc:2    | Reached XP level 16. HP: 98/99 MP: 7/32
 34968 | Orc:2    | Found Foguen's Antique Weapon Shop.
 34968 | Orc:2    | Found Guofuih's Book Boutique.
 34969 | Orc:2    | Found a one-way gate leading to the halls of Pandemonium.
 35231 | D:15     | Entered Level 15 of the Dungeon
 35469 | D:15     | Found a shadowy altar of Dithmenos.
 36317 | D:15     | Reached skill level 13 in Spellcasting
 36917 | D:15     | Reached ****** piety under Vehumet
 37028 | D:15     | Found a staircase to the Depths.
 37172 | D:15     | Found Woluhila's Profane Products.
 37176 | D:15     | Found a basalt altar of Yredelemnul.
 38003 | Elf:1    | Entered Level 1 of the Elven Halls
 38419 | Orc:1    | Bought a scroll of acquirement for 572 gold pieces
 38543 | D:12     | Bought a book of Fire for 1170 gold pieces
 38553 | D:12     | Learned a level 8 spell: Ignition
 38634 | Snake:1  | Entered Level 1 of the Snake Pit
 38655 | Snake:1  | Found a runed door.
 38655 | Snake:1  | Found a shimmering altar of Xom.
 38655 | Snake:1  | Noticed K1ngMX's ghost (journeyman MiBe)
 38740 | Snake:1  | Reached skill level 10 in Fire Magic
 38928 | Snake:1  | Offered knowledge of Orb of Destruction by Vehumet.
 39268 | Snake:1  | Found Voanwe's Gadget Emporium.
 39780 | Snake:1  | Reached XP level 17. HP: 103/103 MP: 20/34
 39928 | Snake:1  | Noticed Roxanne
 39940 | Snake:1  | Killed Roxanne
 40366 | Snake:2  | Reached skill level 14 in Spellcasting
 40753 | Snake:2  | Noticed Kirke
 40764 | Snake:2  | Killed Kirke
 40920 | Snake:2  | Found a sparkling altar of Nemelex Xobeh.
 41411 | Snake:2  | You are sucked into a shaft!
 41725 | Snake:3  | Found a runed gate.
 41726 | Snake:3  | Found a runed gate.
 41726 | Snake:3  | Noticed Yvac's ghost (adept TrFi)
 41727 | Snake:3  | Found a runed gate.
 43767 | Snake:3  | Offered knowledge of Lehudib's Crystal Spear by Vehumet.
 43767 | Snake:3  | Offered knowledge of Fire Storm by Vehumet.
 43767 | Snake:3  | Offered knowledge of Tornado by Vehumet.
 44099 | Snake:3  | Found a gateway to a bazaar.
 44112 | Bazaar   | Entered a bazaar
 44126 | Bazaar   | Found Kileun's Jewellery Shoppe.
 44143 | Bazaar   | Found Wezoz's Armour Shoppe.
 44143 | Bazaar   | Found Herusch's Assorted Antiques.
 44176 | Bazaar   | Found Efot's Gadget Shoppe.
 44259 | Bazaar   | Bought a fuming yellow potion for 18 gold pieces
 44259 | Bazaar   | Bought a scroll labeled CEM HIOMUOJEISOM for 21 gold pieces
 44279 | Bazaar   | Bought an uncursed ring of fire for 200 gold pieces
 44279 | Bazaar   | Bought an uncursed ring of wizardry for 240 gold pieces
 44432 | Snake:4  | Entered Level 4 of the Snake Pit
 44536 | Snake:4  | Reached skill level 15 in Spellcasting
 46092 | Shoals:1 | Entered Level 1 of the Shoals
 46111 | Shoals:1 | Reached XP level 18. HP: 85/108 MP: 34/37
 47323 | Shoals:1 | Found Muamesuf's Antique Armour Shop.
 47709 | Shoals:2 | Found a flickering gateway to a bazaar.
 47721 | Bazaar   | Entered a bazaar
 47871 | Bazaar   | Found Ustrouc's Jewellery Boutique.
 47894 | Bazaar   | Found Kafuxiol's Assorted Antiques.
 47917 | Bazaar   | Found Hieheptu's Weapon Boutique.
 47940 | Bazaar   | Found Oqathut's Antique Weapon Emporium.
 47986 | Bazaar   | Bought a potion of heal wounds for 90 gold pieces
 48239 | Shoals:2 | Slain by a snapping turtle

Vault maps used:
D:1:      giann_wishing_wells
D:2:      first_ration, serial_forest, infiniplex_forest_zigzag_1,
          infiniplex_forest_corner_1, infiniplex_forest_clump_curved,
          infiniplex_forest_side_room, infiniplex_forest_lined_room_3
D:3:      gammafunk_temple_overflow_arena, grunt_gozag_statues,
          overflow_temple_1_default, uniq_jessica
D:4:      kiku_gazebo_garden_becter, vehumet_crystals, serial_shops, shop,
          minmay_hollow_rounded_squares, uniq_duvessa, uniq_crazy_yiuf_cottage,
          uniq_grinder
D:5:      gammafunk_temple_overflow_claw, basic_altar
D:6:      temple_doors_ab, gup_sewer_entry_glass
D:7:      minmay_inner_zag, serial_rivers, chequers_serial_rivers_small_a,
          chequers_serial_rivers_micro_c, chequers_serial_rivers_micro_d,
          chequers_serial_rivers_large_a, chequers_serial_rivers_micro_b,
          chequers_serial_rivers_micro_d
D:8:      kennysheep_little_box, grunt_livestock, lightli_orcish_oven
D:9:      kennysheep_cross_room, minivault_8, uniq_psyche
D:11:     lair_entry_dummy, orc_0_dummy
D:12:     serial_shops, shop, portal_ice_cave_rime, kennysheep_generic_room_8
D:13:     wad_bat_island, grunt_vaults_entry_tiered, basic_altar,
          minmay_misc_feat_square
D:14:     basic_altar, enter_bailey_8, hangedman_abyss_or_decor_stagger
D:15:     hangedman_depths_entry_civil_slaughter,
          nicolae_dithmenos_shadow_blocks, nicolae_evil_shop
Temple:   cyrus_circular_temple
Lair:1:   lemuel_fruit_fields, grunt_megastairs_1, lemuel_fruit_tree,
          serial_bayou_shore_a
Lair:2:   dummy_snake_entry, infiniplex_staircase_pool
Lair:3:   beast_lair_carwin_11
Lair:4:   minmay_shoals_entry_centaurs, nicolae_volcano_entry_hallway,
          zaba_antful_of_joy
Lair:6:   due_jungle_book, slime_altar_1, nicolae_quartered_pool_super
Shoals:1: serial_shops, nicolae_shop_temple_entry_statues_fountains
Shoals:2: serial_shops, freezing_bzr
Snake:1:  ebering_ghost_xom, serial_shops, shop, nicolae_snake_squiggles,
          uniq_roxanne
Snake:2:  basic_altar, uniq_kirke
Snake:3:  serial_shops, bzr_firewalk, gammafunk_ghost_split
Snake:4:  snake_pit_salamanders_mu
Orc:1:    serial_shops, shop, abandoned_shop, led_sif_book, uniq_maurice
Orc:2:    pf_orc_diabolical
Elf:1:    gammafunk_ghost_berserking_beasts, minmay_elf_annihilation,
          uniq_nikola
Bazaar:   bazaar_short_row, bazaar_jpeg_circle_common
Sewer:    sewer_co_15_rooms
IceCv:    ice_cave_statue_garden_chambered
Volcano:  kennysheep_volcano_temple

Skill      XL: |  1  2  3  4  5  6  7  8  9 10 11 12 13 14 15 16 17 |
---------------+----------------------------------------------------+-----
Earth Magic    | 4 5 6 7 8 9 10 11 12 13 | 13.2
Conjurations   | 1 2 3 5 6 7 8 9 10 11 | 11.7
Spellcasting   | 3 4 5 6 7 8 9 10 12 13 15 | 15.8
Fighting       | 2 3 5 6 7 9 10 | 10.7
Armour         | 2 3 4 6 |  6.0
Maces & Flails | 1 3 4 5 7 8 9 |  9.8
Evocations     | 1 3 4 5 6 |  6.0
Dodging        | 2 3 4 5 6 7 8 |  8.5
Fire Magic     | 6 10 13 | 13.7
Stealth        | |  2.1
Transmutations | |  0.7

Action                   |  1- 3 |  4- 6 |  7- 9 | 10-12 | 13-15 | 16-18 || total
-------------------------+-------+-------+-------+-------+-------+-------++-------
Melee: Club              |    61 |   343 |       |       |       |       ||   404
       Unarmed           |     9 |       |       |       |       |       ||     9
       Flail             |       |    63 |       |       |       |       ||    63
       Short sword       |       |    28 |   326 |    80 |       |       ||   434
       Morningstar       |       |       |       |   343 |   882 |   733 ||  1958
Throw: Stone             |       |       |       |       |       |     1 ||     1
 Cast: Sandblast         |    29 |     8 |    86 |   138 |   198 |    59 ||   518
       Stone Arrow       |       |    21 |    31 |    65 |    38 |    23 ||   178
       Lee's Rapid Decon |       |       |    11 |    44 |    46 |    29 ||   130
       Iron Shot         |       |       |       |     6 |    70 |    80 ||   156
       Venom Bolt        |       |       |       |       |    37 |       ||    37
       Bolt of Fire      |       |       |       |       |    71 |   123 ||   194
       Irradiate         |       |       |       |       |     1 |     8 ||     9
       Bolt of Magma     |       |       |       |       |       |    20 ||    20
       Ignition          |       |       |       |       |       |     8 ||     8
 Abil: Fly               |       |       |       |       |     1 |       ||     1
Evoke: Wand              |       |       |     2 |    28 |    16 |     2 ||    48
       Phantom mirror    |       |       |     1 |       |       |       ||     1
       Fan of gales      |       |       |       |     1 |     2 |       ||     3
       Lightning rod     |       |       |       |     2 |     9 |       ||    11
  Use: Scroll            |     5 |     6 |     5 |    14 |    26 |     8 ||    64
       Potion            |       |       |     2 |     2 |    21 |       ||    25
 Stab: Sleeping          |     5 |     2 |     4 |     3 |     3 |     4 ||    21
       Paralysed         |       |       |       |       |     6 |       ||     6
       Distracted        |       |       |       |       |       |     1 ||     1
  Eat: Chunk             |     2 |     8 |    22 |    27 |    62 |    28 ||   149
       Ration            |       |     1 |     1 |     3 |    16 |    22 ||    43
Armor: Robe              |    31 |    69 |   154 |   331 |   782 |   555 ||  1922
       Skin              |       |       |       |       |     1 |       ||     1
Dodge: Dodged            |    74 |   163 |   242 |   455 |  1176 |   787 ||  2897

Table legend:
 A = Non-vault XP
 B = Vault XP
 C = Vault XP percentage of total XP
 D = Non-vault monster count
 E = Vault monster count
 F = Vault count percentage of total count
                 A         B        C        D         E       F
            +---------+---------+-------+---------+---------+-------
      Total |  200197 |   65799 |  24.7 |     811 |     268 |  24.8
            +---------+---------+-------+---------+---------+-------
        D:1 |      23 |       0 |   0.0 |      15 |       0 |   0.0
        D:2 |      97 |       0 |   0.0 |      33 |       0 |   0.0
        D:3 |     196 |      37 |  15.9 |      30 |       1 |   3.2
        D:4 |     384 |     766 |  66.6 |      21 |      13 |  38.2
        D:5 |     654 |       0 |   0.0 |      29 |       0 |   0.0
        D:6 |     927 |      68 |   6.8 |      19 |       6 |  24.0
        D:7 |     889 |     191 |  17.7 |      10 |       3 |  23.1
        D:8 |    2455 |    1151 |  31.9 |      24 |      11 |  31.4
        D:9 |    1441 |    2084 |  59.1 |      30 |       5 |  14.3
       D:10 |    3642 |       0 |   0.0 |      29 |       0 |   0.0
       D:11 |    6445 |       0 |   0.0 |      54 |       0 |   0.0
       D:12 |    3174 |     950 |  23.0 |      20 |       3 |  13.0
       D:13 |    8052 |    8742 |  52.1 |      35 |      35 |  50.0
       D:14 |   12622 |    1151 |   8.4 |      23 |      25 |  52.1
       D:15 |   21140 |    5681 |  21.2 |      60 |       6 |   9.1
     Lair:1 |    2474 |     242 |   8.9 |      14 |       2 |  12.5
     Lair:2 |    5952 |       0 |   0.0 |      24 |       0 |   0.0
     Lair:3 |    6373 |     500 |   7.3 |      22 |       3 |  12.0
     Lair:4 |    6731 |    7694 |  53.3 |      27 |      37 |  57.8
     Lair:5 |    4703 |       0 |   0.0 |      14 |       0 |   0.0
     Lair:6 |   10447 |    2860 |  21.5 |      31 |       5 |  13.9
   Shoals:1 |   17743 |       0 |   0.0 |      32 |       0 |   0.0
   Shoals:2 |    5289 |       0 |   0.0 |      13 |       0 |   0.0
    Snake:1 |   16229 |    1934 |  10.6 |      31 |       1 |   3.1
    Snake:2 |   17869 |    2687 |  13.1 |      37 |       4 |   9.8
    Snake:3 |   19197 |       0 |   0.0 |      36 |       0 |   0.0
    Snake:4 |   16858 |       0 |   0.0 |      32 |       0 |   0.0
      Orc:1 |    2173 |     676 |  23.7 |      41 |       5 |  10.9
      Orc:2 |    2134 |   17372 |  89.1 |      19 |      63 |  76.8
      Elf:1 |    3884 |       0 |   0.0 |       6 |       0 |   0.0
      Sewer |       0 |     455 | 100.0 |       0 |      21 | 100.0
      IceCv |       0 |    3207 | 100.0 |       0 |      11 | 100.0
    Volcano |       0 |    7351 | 100.0 |       0 |       8 | 100.0
            +---------+---------+-------+---------+---------+-------
